 Dungeon Crawl Stone Soup version 0.20-a0-942-ga5226df (webtiles) character file.

16 M4edhros the Grave Robber (level 2, -1/17 HPs)
             Began as an Octopode Necromancer on Apr 1, 2017.
             Killed from afar by Sigmund (12 damage)
             ... with a puff of flame
             ... on level 3 of the Dungeon.
             The game lasted 00:03:39 (478 turns).

M4edhros the Grave Robber (Octopode Necromancer)     Turns: 478, Time: 00:03:42

Health: -1/17      AC:  1    Str:  7    XL:     2   Next: 58%
Magic:  5/5        EV: 13    Int: 17    God:
Gold:   45         SH:  0    Dex: 12    Spells: 3/5 levels left

rFire    . . .     SeeInvis .   g - +2 dagger (protect)
rCold    . . .     Gourm    .   (no shield)
rNeg     . . .     Faith    .   (helmet restricted)
rPois    .         Spirit   .   (no amulet)
rElec    .         Reflect  .   (no ring)
rCorr    .         Harm     .   (no ring)
MR       .....                  (no ring)
Stlth    +++.......             (no ring)
Regen    0.1/turn               (no ring)
MPRegen  0.1/turn               (no ring)
                                (no ring)
                                (no ring)

@: no status effects
A: almost no armour, stealthy swim, amphibious, 8 rings, constrict 8, camouflage
1, gelatinous body 1
a: no special abilities


You were on level 3 of the Dungeon.
You were not hungry.

You visited 1 branch of the dungeon, and saw 3 of its levels.

You collected 45 gold pieces.

Inventory:

Hand Weapons
 g - a +2 dagger of protection (weapon)
Missiles
 c - 36 stones (quivered)
Armour
 d - a +0 buckler
Scrolls
 e - a scroll of amnesia {unknown}
 h - a scroll of magic mapping {unknown}
Potions
 i - a potion of curing
Books
 a - a book of Necromancy

   Spells                             Type                      Level
   a - Pain                           Necromancy                   1
   b - Animate Skeleton               Necromancy                   1
   c - Vampiric Draining              Necromancy                   3
   d - Regeneration                   Charms/Necromancy            3
   e - Animate Dead                   Necromancy                   4
   f - Control Undead                 Necromancy                   4
Comestibles
 b - a bread ration
 f - a chunk of flesh


   Skills:
 - Level 2.0 Dodging
 - Level 2.6 Stealth
 + Level 2.1 Unarmed Combat
 - Level 2.0 Spellcasting
 - Level 4.0 Necromancy


You had 3 spell levels left.
You knew the following spells:

 Your Spells              Type           Power        Failure   Level  Hunger
a - Pain                  Necr           ###.         3%          1    #......
b - Animate Skeleton      Necr           N/A          3%          1    #......


Dungeon Overview and Level Annotations

Branches:
Dungeon (3/15)

Altars:

Annotations:
D:3 Sigmund


Innate Abilities, Weirdness & Mutations

You cannot wear most types of armour.
You are very stealthy in the water. (Stealth+)
You are amphibious.
You can wear up to eight rings at the same time.
You can use your tentacles to constrict eight enemies at once.
Your skin changes colour to match your surroundings (Stealth+).
Your rubbery body absorbs attacks. (AC +1, EV +1)


Message History

i - a coppery potion
i - 2 coppery potions (gained 1) Sigmund the Dreaded comes into view.
He is wielding a scythe of venom.
Found 17 gold pieces.
Some of the chunks of flesh in your inventory have rotted away.
Sigmund shouts!
You aren't carrying any items that you can evoke.
It was a potion of curing.
You feel better. Sigmund casts a spell at you. The puff of flame hits you!
You barely miss Sigmund. You grab Sigmund.
You constrict Sigmund, but do no damage.
Sigmund misses you.
You barely miss Sigmund.
You hear the slow rusting of a distant drain.
You constrict Sigmund. Sigmund gestures at you while chanting.
The puff of flame hits you!
Ouch! That really hurt!
You die...

#.........
#..........
#...........
#............
#.............
#.$..........≈#
#.@..........≈#
#.@.........≈≈≈
#............≈#
#............≈≈
##.............#
#..............≈≈
#...............≈
#................
#...##.#.########
#... #.#.#


You could see Sigmund.

Vanquished Creatures
  An ooze (D:1)
  A leopard gecko (D:1)
  A giant cockroach (D:2)
  2 goblins
  3 bats
  A frilled lizard (D:2)
  2 kobolds (D:1)
  A rat (D:1)
12 creatures vanquished.

Notes
Turn   | Place    | Note
-------+----------+-------------------------------------------
     0 | D:1      | M4edhros the Octopode Necromancer began the quest for the Orb.
     0 | D:1      | Reached XP level 1. HP: 11/11 MP: 3/3
    61 | D:1      | Reached skill level 1 in Unarmed Combat
    88 | D:1      | Learned a level 1 spell: Animate Skeleton
   109 | D:1      | Reached XP level 2. HP: 11/17 MP: 1/5
   470 | D:3      | Noticed Sigmund
   478 | D:3      | Killed from afar by Sigmund

Vault maps used:
D:1:      dpeg_chamrin_arrival_tetris, serial_glass, glass_columns_a,
          glass_columns_c, glass_columns_c, glass_columns_a, glass_columns_c,
          glass_columns_a, glass_columns_a, glass_columns_a, glass_columns_b,
          glass_columns_b, glass_columns_c, glass_columns_a, glass_columns_b,
          glass_columns_b, item_on_display_a, kennysheep_nondescript,
          minmay_misc_feat_four_crosses
D:2:      overflow_temple_1_default, first_bread, uniq_crazy_yiuf_cottage,
          uniq_robin, uniq_jessica
D:3:      lightli_sewer_entry_pipes, led_sif_book, uniq_sigmund

Skill      XL: |  1  2 |
---------------+-------+-----
Unarmed Combat | 1 2 |  2.1
Dodging        | |  2.0
Stealth        | |  2.6
Spellcasting   | |  2.0
Necromancy     | |  4.0

Action                   || total
-------------------------++-------
Melee: Unarmed           ||     3
       Constrict         ||     5
       Dagger            ||    11
       Tentacles         ||     2
 Cast: Pain              ||     9
       Animate Skeleton  ||     4
  Use: Potion            ||     1
 Stab: Sleeping          ||     1
Armor: Skin              ||     5
Dodge: Dodged            ||    12
